 Dungeon Crawl Stone Soup version 0.27.0-1-g7a089689b8 (webtiles) character file.

Game seed: 229696334626324835

8918 KamiKatze the Cleaver (level 11, -6/84 HPs)
             Began as a Gargoyle Berserker on July 31, 2021.
             Was a High Priest of Trog.
             Mangled by a skeletal warrior (26 damage)
             ... led by a skeletal warrior
             ... on level 11 of the Dungeon.
             The game lasted 00:36:56 (11009 turns).

KamiKatze the Cleaver (Gargoyle Berserker)         Turns: 11009, Time: 00:36:57

Health: -6/84      AC: 22    Str: 23    XL:     11   Next: 38%
Magic:  11/11      EV: 15    Int:  9    God:    Trog [*****.]
Gold:   556        SH:  0    Dex:  9    Spells: 10/10 levels left

rFire    . . .     SeeInvis +   a - +3 hand axe (elec)
rCold    . . .     Faith    .   (no shield)
rNeg     + . .     Spirit   .   k - +1 scale mail
rPois    ∞         Reflect  .   E - +0 helmet
rElec    +         Harm     .   s - +0 cloak
rCorr    .         Rampage  .   d - +2 pair of gloves
Will     .....                  (no boots)
Stlth    ..........             c - amulet of Vitality {Regen+ HP+15}
HPRegen  1.24/turn              m - ring of see invisible
MPRegen  0.12/turn              r - +4 ring of evasion

@: no status effects
A: sickness immunity, AC +8, negative energy resistance 1, electricity
resistance, torment resistance 1, petrification resistance
a: Renounce Religion, Berserk, Trog's Hand, Brothers in Arms


You were on level 11 of the Dungeon.
You worshipped Trog.
Trog was extremely pleased with you.
You visited 2 branches of the dungeon, and saw 12 of its levels.

You collected 556 gold pieces.

Inventory:

Hand Weapons
 a - a +3 hand axe of electrocution (weapon)
 h - a +0 war axe
 w - a +1 hand axe of flaming
 y - a +0 battleaxe
Armour
 d - a +2 pair of gloves (worn)
 k - a +1 scale mail (worn)
 l - a +0 tower shield
 s - a +0 cloak (worn)
 x - a +0 chain mail
 C - a +0 kite shield
 E - a +0 helmet (worn)
Jewellery
 c - the amulet of Vitality (around neck) {Regen+ HP+15}
   (You acquired it on level 9 of the Dungeon)

   [amulet of regeneration]

   HP:        It affects your health (+15).
   Regen:     It increases your rate of health regeneration.
 f - a ring of magical power
 m - a ring of see invisible (left hand)
 r - a +4 ring of evasion (right hand)
 B - a ring of resist corrosion
Wands
 g - a wand of acid (10)
Scrolls
 e - 2 scrolls of teleportation
 i - 8 scrolls of identify
 n - 2 scrolls of blinking
 q - 4 scrolls of enchant armour
 z - a scroll of enchant weapon
Potions
 b - a potion of flight
 o - 3 potions of curing
 p - 3 potions of heal wounds
 t - 2 potions of haste
 v - a potion of magic {unknown}
 A - a potion of attraction {unknown}
 G - 2 potions of mutation {unknown}
 H - a potion of ambrosia {unknown}


   Skills:
 - Level 8.5 Fighting
 - Level 9.6 Axes
 - Level 7.2 Armour
 - Level 5.5 Dodging
 + Level 9.0 Shields
 - Level 2.0 Evocations


You had 10 spell levels left.
You didn't know any spells.
Your spell library contained the following spells:

 Spells                   Type           Power      Damage    Failure   Level
 Slow                     Hex            0%         N/A       80%         2
 Confusing Touch          Hex            0%         N/A       95%         3
 Summon Ice Beast         Ice/Summ       0%         N/A       100%        4
 Summon Mana Viper        Hex/Summ       0%         N/A       100%        5
 Yara's Violent Unravell  Hex/Tmut       0%         3d3       100%        5
 Monstrous Menagerie      Summ           0%         N/A       100%        7


Dungeon Overview and Level Annotations

Branches:
Dungeon (11/15)            Temple (1/1) D:4             Orc (0/2) D:10
   Lair: D:8-11

Altars:
Ashenzari
Cheibriados
Dithmenos
Elyvilon
Fedhas
Gozag
Hepliaklqana
Kikubaaqudgha
Makhleb
Nemelex Xobeh
Okawaru
Qazlal
Ru
Sif Muna
Trog
Uskayaw
Vehumet
Wu Jian
Xom
Yredelemnul
Zin
The Shining One
Beogh

Shops:
D:5 ?   D:6 (

Annotations:
D:7 3 runed translucent doors, exclusion: 3 doors, nojaa's ghost, novice SpFE


Innate Abilities, Weirdness & Mutations

You are immune to sickness and miasma.
Your stone body is resilient. (AC +8)
You are immune to poison.
You resist negative energy. (rN+)
You are resistant to electric shocks. (rElec)
You are resistant to unholy torment.
You are immune to petrification.


Message History

You hit the skeletal warrior but do no damage.
The skeletal warrior barely misses you.
The skeletal warrior hits you from afar with a +0 glaive!!
You hit the skeletal warrior but do no damage.
Lightning courses through the skeletal warrior!
The skeletal warrior is moderately damaged.
The skeletal warrior misses you.
The skeletal warrior hits you from afar with a +0 glaive.
You are too injured to fight recklessly!
You are too injured to fight recklessly!
You are too injured to fight recklessly!
You are too injured to fight recklessly!
You slash the skeletal warrior!
The skeletal warrior is heavily damaged.
The skeletal warrior hits you with a +0 dire flail!
You barely miss the skeletal warrior.
The skeletal warrior is heavily damaged.
The skeletal warrior misses you.
You barely miss the skeletal warrior.
The skeletal warrior is heavily damaged.
The skeletal warrior closely misses you.
You hit the skeletal warrior but do no damage.
The skeletal warrior is heavily damaged.
The skeletal warrior hits you but does no damage.
The skeletal warrior barely misses you.
You closely miss the skeletal warrior.
The skeletal warrior is heavily damaged.
The skeletal warrior hits you but does no damage.
The skeletal warrior hits you from afar with a +0 glaive!
You barely miss the skeletal warrior.
The skeletal warrior is heavily damaged.
The skeletal warrior hits you with a +0 dire flail!
* * * LOW HITPOINT WARNING * * *
The skeletal warrior hits you from afar with a +0 glaive!
* * * LOW HITPOINT WARNING * * *
You completely miss the skeletal warrior.
The skeletal warrior is heavily damaged.
The skeletal warrior completely misses you.
The skeletal warrior hits you from afar with a +0 glaive!!
You die...

##########################
..........................#
.........#########........#
.........# #........#
.........# #........#
.........# #........#
.........#########........#
...........[.zzz@.........#
###################.......#
.........#......#.......#
..........#......#.#####.#
..........#......#.#####.#
.........#......#.......#
##...##.##..#####.......#
##...##.##..#...........#
#...........'.....####..#


You could see 3 skeletal warriors.

Vanquished Creatures
  A deep elf zephyrmancer (D:9)
  2 centaur zombies
  Sigmund (D:6)
  A shadow (D:10)
  13 yaks
  3 wyverns
  A human (D:8)
  A wraith (D:9)
  3 steam dragons
  6 vampire mosquitoes
  An acid dragon (D:9)
  Edmund (D:6)
  4 water moccasins
  An ice beast (D:6)
  4 orc warriors
  2 sky beasts
  4 ogres
  A necrophage (D:4)
  3 centaurs
  A kobold brigand (D:10)
  A gnoll sergeant (D:9)
  A bullfrog (D:7)
  Blork the orc (D:6)
  A scorpion (D:7)
  6 killer bees (D:10)
  2 howler monkeys (D:8)
  2 bullfrog zombies (D:6)
  2 hounds
  A human zombie (D:8)
  Crazy Yiuf (D:6)
  A centaur skeleton (D:5)
  4 orc priests
  A bullfrog skeleton (D:4)
  A gnoll shaman (D:5)
  4 iguanas
  18 orc wizards
  A scorpion zombie (D:5)
  2 killer bee zombies
  8 gnolls
  6 adders
  A shadow imp (D:7)
  A white imp (D:8)
  An adder zombie (D:5)
  2 adder skeletons (D:4)
  3 worms
  3 dart slugs
  17 orcs
  6 ball pythons
  A bat zombie (D:4)
  An endoplasm (D:4)
  3 giant cockroaches
  6 goblins
  7 hobgoblins
  3 jackals (D:2)
  A quokka (D:5)
  7 bats
  2 frilled lizards
  8 kobolds
  A kobold skeleton (D:8)
  3 rats
  2 rat zombies (D:4)
  A spectral kobold (D:1)
198 creatures vanquished.

Notes
Turn   | Place    | Note
-------+----------+-------------------------------------------
     0 | D:1      | KamiKatze the Gargoyle Berserker began the quest for the
                  | Orb.
     0 | D:1      | Reached XP level 1. HP: 14/14 MP: 1/1
   279 | D:1      | Found a faded altar of an unknown god.
   381 | D:1      | Reached XP level 2. HP: 15/19 MP: 2/2
   966 | D:2      | Reached ** piety under Trog
  1022 | D:2      | Reached XP level 3. HP: 16/23 MP: 3/3
  1828 | D:3      | Found a hide-covered altar of Uskayaw.
  1919 | D:3      | Found a shadowy altar of Dithmenos.
  1945 | D:3      | Reached XP level 4. HP: 26/29 MP: 4/4
  2343 | D:3      | Noticed a water moccasin
  2365 | D:3      | Killed a water moccasin
  2366 | D:3      | Reached XP level 5. HP: 12/33 MP: 5/5
  2761 | D:4      | Noticed a necrophage
  2780 | D:4      | Killed a necrophage
  2781 | D:4      | Reached XP level 6. HP: 23/39 MP: 6/6
  2920 | D:4      | Found an ancient bone altar of Kikubaaqudgha.
  3182 | D:4      | Found a staircase to the Ecumenical Temple.
  3184 | D:4      | Reached *** piety under Trog
  3193 | Temple   | Entered the Ecumenical Temple
  3380 | D:4      | HP: 1/39 [iguana (5)]
  3644 | D:4      | Found a radiant altar of Vehumet.
  3673 | D:4      | Reached XP level 7. HP: 34/44 MP: 7/7
  3732 | D:4      | Found a sparkling altar of Nemelex Xobeh.
  4131 | D:4      | Found a sacrificial altar of Ru.
  4444 | D:5      | Entered Level 5 of the Dungeon
  4495 | D:5      | Reached skill level 5 in Axes
  4604 | D:5      | Reached skill level 5 in Fighting
  4697 | D:5      | Found Ryerhei's Magic Scroll Shoppe.
  5022 | D:5      | Reached XP level 8. HP: 21/49 MP: 8/8
  5596 | D:6      | Reached skill level 5 in Armour
  6184 | D:6      | Reached skill level 1 in Evocations
  6184 | D:6      | Reached XP level 9. HP: 26/56 MP: 9/9
  6366 | D:6      | Noticed Blork the orc
  6385 | D:6      | Killed Blork the orc
  6434 | D:6      | Found a runed translucent door.
  6435 | D:6      | Noticed Crazy Yiuf
  6441 | D:6      | Killed Crazy Yiuf
  6601 | D:6      | Found Onutut's Weapon Boutique.
  6795 | D:6      | Noticed Sigmund
  6804 | D:6      | Killed Sigmund
  6846 | D:6      | Noticed Edmund
  6866 | D:6      | Killed Edmund
  6957 | D:7      | Reached **** piety under Trog
  7602 | D:7      | Identified the +0 plate armour of the Realm of Zot {Int+3
                  | SInv}
  7603 | D:7      | Found a runed translucent gate.
  7603 | D:7      | Noticed nojaa's ghost (novice SpFE)
  7604 | D:7      | Found a runed translucent gate.
  7605 | D:7      | Found a runed translucent gate.
  7761 | D:8      | Reached skill level 5 in Dodging
  8044 | D:8      | Reached XP level 10. HP: 61/63 MP: 10/10
  8413 | D:8      | Found a runed translucent door.
  8414 | D:8      | Found a basalt altar of Yredelemnul.
  8738 | D:8      | Found a burning altar of Makhleb.
  9334 | D:9      | Reached skill level 1 in Shields
  9463 | D:9      | Noticed a deep elf zephyrmancer
  9491 | D:9      | Killed a deep elf zephyrmancer
  9624 | D:9      | Identified a scroll of acquirement
  9624 | D:9      | Acquired the amulet of Vitality {Regen+ HP+15}
  9625 | D:9      | Found the amulet of Vitality {Regen+ HP+15}
  9770 | D:9      | Found a glowing silver altar of Zin.
  9770 | D:9      | Found a broken altar of Ashenzari.
  9776 | D:9      | Found a bloodstained altar of Trog.
  9779 | D:9      | Found a faded altar of an unknown god.
  9786 | D:9      | Found an opulent altar of Gozag.
  9872 | D:9      | Found a glowing golden altar of the Shining One.
 10175 | D:10     | Entered Level 10 of the Dungeon
 10222 | D:10     | Found a staircase to the Orcish Mines.
 10390 | D:10     | Reached skill level 5 in Shields
 10398 | D:10     | Reached XP level 11. HP: 69/69 MP: 11/11
 10780 | D:10     | Reached ***** piety under Trog
 10963 | D:11     | Noticed a skeletal warrior
 10967 | D:11     | Noticed a skeletal warrior
 10973 | D:11     | Noticed a skeletal warrior
 11009 | D:11     | Mangled by a skeletal warrior

Illustrated notes

Levels and vault maps discovered:
D:1:      matt_arrival_spirals, layout_loops_ring,
          dreamdust_ecumenical_altar_drowned_temple
D:2:      layout_loops_ring
D:3:      layout_basic, marbit_many_paths, lemuel_round_altar
D:4:      layout_layer_cave, lemuel_zombie_altar_kikubaaqudgha,
          vehumet_crystals, nicolae_ru_awakened_eye, lemuel_doored_altar,
          minmay_temple_entry_butterflies
D:5:      layout_gridville, serial_shops, nicolae_shop_stone
D:6:      layout_loops_corners, serial_shops, nicolae_shop_behind_doors,
          solitary_fountain, abandoned_shop, sigmund_edmund_badplayer,
          uniq_blork_the_orc, uniq_crazy_yiuf_cottage
D:7:      minmay_flawed_box, layout_rooms, biasface_ghost_orc_armoury
D:8:      layout_basic, dk_yredelemnul_ordeal, lightli_temple_of_fire,
          kennysheep_generic_room_3
D:9:      layout_long_grid, kennysheep_mini_moat,
          chequers_temple_overflow_minitemple, minmay_librarian
D:10:     layout_loops_ring, minmay_orc_entry_temple_small
D:11:     cheibrodos_lost_city_excavation, layout_stronghold,
          david_lair_shrubbed, abandoned_shop
Temple:   kb_temple_of_zot

Skill      XL: |  1  2  3  4  5  6  7  8  9 10 11 |
---------------+----------------------------------+-----
Axes           | 3 4 5 7 8 9 |  9.6
Dodging        | 2 3 4 5 |  5.5
Fighting       | 4 5 6 7 8 |  8.5
Armour         | 3 4 5 6 7 |  7.2
Evocations     | 1 2 |  2.0
Shields        | 5 9 |  9.0

Action                   |  1- 3 |  4- 6 |  7- 9 | 10-12 || total
-------------------------+-------+-------+-------+-------++-------
Melee: Hand axe          |   129 |   157 |   503 |   292 ||  1081
Invok: Berserk           |       |     3 |     7 |     4 ||    14
  Use: Scroll            |       |       |     7 |    12 ||    19
       Potion            |       |       |     3 |       ||     3
 Stab: Sleeping          |     1 |       |       |       ||     1
Armor: Animal skin       |    15 |       |       |       ||    15
       Ring mail         |    41 |    51 |    29 |       ||   121
       Scale mail        |       |       |   181 |   136 ||   317
Dodge: Dodged            |    77 |    78 |   314 |   197 ||   666
